 Dungeon Crawl Stone Soup version 0.31.0-11-ge490571c62 (webtiles) character file.

Game seed: 17073829623873277764

389 qw the Skirmisher (level 6, -1/35 HPs)
             Began as a Deep Elf Hunter on Feb 4, 2024.
             Slain by a gnoll
             ... wielding a +0 spear
              (8 damage)
             ... on level 4 of the Dungeon.
             The game lasted 00:00:13 (2666 turns).

qw the Skirmisher (Deep Elf Hunter)                 Turns: 2666, Time: 00:00:14

Health: -1/35      AC:  6    Str: 10    XL:     6   Next: 49%
Magic:  8/8        EV:  9    Int: 14    God:
Gold:   178        SH:  0    Dex: 18    Spells: 5/5 levels left

rFire   x . .        a - +0 shortbow (chaos)
rCold   + . .        (shield currently unavailable)
rNeg    + . .        l - +0 scale mail
rPois   +            (no helmet)
rElec   .            (no cloak)
rCorr   .            (no gloves)
SInv    .            (no boots)
Will    .....        o - amulet of regeneration
Stlth   +            s - ring of poison resistance
HPRegen 1.05/turn    m - ring "Utoy" {Ice ^Contam Fly rN+}
MPRegen 0.11/turn

%: no passive effects
@: flying
A: no striking features
a: no special abilities


You were on level 4 of the Dungeon.
You visited 1 branch of the dungeon, and saw 4 of its levels.

You collected 178 gold pieces.


   Skills:
 - Level 2.1 Fighting
 + Level 9.8 Ranged Weapons
 - Level 1.2 Armour
 - Level 2.4 Dodging
 - Level 1.2 Stealth


You had 5 spell levels left.
You didn't know any spells.
Your spell library was empty.

Inventory:

Hand Weapons
 a - a +0 shortbow of chaos (weapon)
Armour
 l - a +0 scale mail (worn)
Jewellery
 m - the ring "Utoy" (right hand) {Ice ^Contam Fly rN+}
   (You found it on level 2 of the Dungeon)

   [ring of ice]

   Ice:       It enhances your ice magic.
   rF-:       It makes you vulnerable to fire.
   rC+:       It protects you from cold.
   rN+:       It protects you from negative energy.
   Fly:       It grants you flight.
   ^Contam:   It causes magical contamination when unequipped.
 o - an amulet of regeneration (around neck)
 s - a ring of poison resistance (left hand)
 Y - a ring of resist corrosion
Wands
 b - a wand of charming (7)
 r - a wand of flame (21)
Scrolls
 c - a scroll of amnesia {unknown}
 d - a scroll of teleportation {unknown}
 f - a scroll of identify
Potions
 e - 3 potions of cancellation
 g - 3 potions of curing
 h - a potion of mutation
 i - a potion of haste {unknown}
 j - 2 potions of might
 k - a potion of lignification {unknown}
 n - 2 potions of ambrosia {unknown}
 p - a potion of attraction {unknown}

Dungeon Overview and Level Annotations

Branches:
Dungeon (4/15)
 Temple: D:4-7

Altars:
Cheibriados


Message History

The gnoll hits you with a +0 whip of flaming.
The gnoll burns you.
You shoot an arrow. The arrow hits the gnoll.
The arrow burns the gnoll.
The gnoll is moderately wounded.
The gnoll barely misses you.
The gnoll hits you from afar with a +0 spear.
The gnoll closely misses you.
You shoot an arrow. The arrow hits the gnoll.
The arrow freezes the gnoll.
The gnoll is almost dead.
The gnoll hits you from afar with a +0 spear.
The gnoll hits you with a +0 flail. The gnoll barely misses you.
You shoot an arrow. The arrow hits the gnoll.
The arrow burns the gnoll.
You kill the gnoll!
The gnoll hits you from afar with a +0 spear.
The gnoll barely misses you.
You shoot an arrow. The arrow barely misses the gnoll.
The gnoll hits you but does no damage. The gnoll closely misses you.
You shoot an arrow. The arrow barely misses the gnoll.
The gnoll hits you from afar with a +0 spear.
The gnoll hits you with a +0 whip of flaming.
The gnoll burns you.
The gnoll hits you from afar with a +0 spear.
The gnoll hits you with a +0 whip of flaming.
The gnoll burns you.
You shoot an arrow. The arrow hits the gnoll.
The gnoll is poisoned.
The gnoll is lightly wounded.
The gnoll hits you from afar with a +0 spear.
The gnoll hits you but does no damage.
You shoot an arrow. The arrow closely misses the gnoll.
The gnoll barely misses you. x2
You shoot an arrow.
The arrow hits the gnoll but does no damage.
The gnoll appears confused.
The gnoll is lightly wounded.
The gnoll barely misses you.
The gnoll hits you with a +0 whip of flaming.
The gnoll burns you.
You shoot an arrow. The arrow barely misses the gnoll.
The gnoll hits you from afar with a +0 spear!
You die...

...#..####...##.##+##....#..#
#.......#....#..........#..#
#.......#....#.+........#..#
#.......##.....#........#..#
#........###%..#........#..#
#..............#........#..#
+.........#....#....##'##..#
#.........#...g#....'...#..#
###+##....#..g$@....#..##..#
#...#..%.#....#....#..##..#
#...'....#....#....#..##..#
#...#....'....#....+......#
####..#%...#....#....#......#
...#..#....#).(.#....##+##..#
...#..#....#....#........####
...#..#....#....#........#
...'..#%...# #........#


You could see 2 gnolls.

Vanquished Creatures
  A black bear (D:4)
  2 hounds (D:4)
  A bombardier beetle (D:3)
  An iguana (D:4)
  Ijyb (D:3)
  Natasha (D:3)
  2 gnolls (D:4)
  6 adders
  3 ribbon worms
  5 dart slugs
  2 orcs
  6 ball pythons
  3 endoplasms
  4 giant cockroaches
  13 hobgoblins
  3 jackals (D:1)
  9 kobolds
  2 quokkas
  4 bats
  A frilled lizard (D:1)
  A goblin (D:1)
  8 rats
79 creatures vanquished.

Notes
Turn   | Place    | Note
-------+----------+-------------------------------------------
     0 | D:1      | qw the Deep Elf Hunter began the quest for the Orb.
     0 | D:1      | Reached XP level 1. HP: 12/12 MP: 3/3
     0 | D:1      | 0 ||| qw: Version: 0.3-a-160-g6735b56
     0 | D:1      | 0 ||| qw: Game counter: 4729
     0 | D:1      | 0 ||| qw: Melee chars always use a shield: true
     0 | D:1      | 0 ||| qw: God list: Okawaru
     0 | D:1      | 0 ||| qw: Allow faded altars: false
     0 | D:1      | 0 ||| qw: Do Orc after clearing Dungeon:15 true
     0 | D:1      | 0 ||| qw: Do second Lair branch before Depths: true
     0 | D:1      | 0 ||| qw: Lair rune preference: random
     0 | D:1      | 0 ||| qw: Goals: Normal
     0 | D:1      | 0 ||| PLANNING D:1-11
   281 | D:1      | Reached XP level 2. HP: 16/16 MP: 4/4
   290 | D:1      | Reached skill level 6 in Ranged Weapons
   607 | D:1      | Reached XP level 3. HP: 20/20 MP: 5/5
   789 | D:1      | 789 ||| DROPPING +6 ring of intelligence.
   790 | D:1      | 790 ||| READING scroll labelled PUCVIH ITOUQUNK.
   791 | D:1      | 791 ||| READING scroll labelled JACKECZ DEFOT.
   792 | D:1      | 792 ||| READING scroll labelled MUMYCL HIMN.
   793 | D:1      | 793 ||| READING scroll labelled USIMOBIME.
   794 | D:1      | 794 ||| DRINKING 3 silvery potions.
   795 | D:1      | 795 ||| DROPPING scroll of butterflies.
  1027 | D:2      | Reached skill level 7 in Ranged Weapons
  1078 | D:2      | You fall into a shaft and drop 1 floor!
  1079 | D:3      | 1079 ||| DRINKING 2 emerald potions.
  1302 | D:2      | Reached XP level 4. HP: 25/25 MP: 6/6
  1410 | D:2      | 1410 ||| FLEEEEING.
  1412 | D:2      | 1412 ||| FLEEEEING.
  1444 | D:2      | Identified the ring "Utoy" {Ice ^Contam Fly rN+}
  1650 | D:2      | 1650 ||| UPGRADING to +0 scale mail.
  1660 | D:2      | 1660 ||| DROPPING +0 leather armour.
  1661 | D:2      | 1661 ||| DROPPING amulet of magic regeneration.
  1662 | D:2      | 1662 ||| UPGRADING to amulet of regeneration.
  1667 | D:2      | 1667 ||| UPGRADING to ring of resist corrosion.
  1668 | D:2      | 1668 ||| UPGRADING to ring "Utoy" {Ice ^Contam Fly rN+}.
  1669 | D:2      | 1669 ||| READING scroll labelled IGHEGIT UDIOPT.
  1670 | D:2      | 1670 ||| READING scroll labelled JUITSINIWN.
  1670 | D:2      | 1670 ||| IDENTIFYING fizzy golden potion
  2007 | D:3      | Reached skill level 8 in Ranged Weapons
  2016 | D:3      | Noticed Ijyb
  2022 | D:3      | Killed Ijyb
  2089 | D:3      | Reached XP level 5. HP: 29/29 MP: 7/7
  2260 | D:3      | Noticed Natasha
  2263 | D:3      | Killed Natasha
  2264 | D:3      | Reached skill level 9 in Ranged Weapons
  2354 | D:3      | 2354 ||| DROPPING ring of flight.
  2355 | D:3      | 2355 ||| UPGRADING to ring of poison resistance.
  2357 | D:3      | 2357 ||| READING scroll of identify.
  2357 | D:3      | 2357 ||| IDENTIFYING purple potion
  2358 | D:3      | 2358 ||| READING scroll labelled ZIFAUNK XOFEIC.
  2358 | D:3      | 2358 ||| BRANDING +0 shortbow.
  2359 | D:3      | 2359 ||| DRINKING 2 bubbling black potions.
  2393 | D:4      | Found a snail-covered altar of Cheibriados.
  2408 | D:4      | HP: 6/30 [hound (3)]
  2409 | D:4      | 2409 ||| DRINKING potion of heal wounds.
  2505 | D:4      | Noticed a black bear
  2506 | D:4      | 2506 ||| RETREEEEATING.
  2516 | D:4      | Reached skill level 1 in Armour
  2516 | D:4      | Reached XP level 6. HP: 31/35 MP: 8/8
  2561 | D:4      | 2561 ||| ZAPPING wand of flame (22) at 0,-2 (black bear;
                  | floor).
  2662 | D:4      | HP: 8/35 [gnoll/+0 whip of flaming (1)]
  2666 | D:4      | Slain by a gnoll

Levels and vault maps discovered:
D:1:      mainiacjoe_arrival_oval_in_oval, layout_basic
D:2:      layout_loops_ring, minmay_octomino_c4
D:3:      layout_loops_cross, uniq_natasha, uniq_ijyb
D:4:      layout_gridville, cheibriados_altar_1, minmay_temple_entry_large_hall,
          minmay_bent

Skill      XL: |  1  2  3  4  5 |
---------------+----------------+-----
Ranged Weapons | 6 7 8 9 |  9.8
Fighting       | 2 |  2.1
Armour         | 1 |  1.2
Dodging        | |  2.4
Stealth        | |  1.2

Action                     |  1- 3 |  4- 6 || total
---------------------------+-------+-------++-------
   Fire: Shortbow          |    89 |   177 ||   266
  Evoke: Wand              |       |     1 ||     1
    Use: Scroll            |     4 |     4 ||     8
         Potion            |     2 |     2 ||     4
 Armour: Leather armour    |     8 |    14 ||    22
         Scale mail        |       |    72 ||    72
  Dodge: Dodged            |    11 |    52 ||    63

Table legend:
 A = Non-vault XP
 B = Vault XP
 C = Vault XP percentage of total XP
 D = Non-vault monster count
 E = Vault monster count
 F = Vault count percentage of total count
                 A         B        C        D         E       F
            +---------+---------+-------+---------+---------+-------
      Total |     293 |     263 |  47.3 |      63 |      15 |  19.2
            +---------+---------+-------+---------+---------+-------
        D:1 |      47 |       0 |   0.0 |      25 |       0 |   0.0
        D:2 |      69 |       9 |  11.5 |      15 |       6 |  28.6
        D:3 |      83 |      71 |  46.1 |      16 |       2 |  11.1
        D:4 |      94 |     183 |  66.1 |       7 |       7 |  50.0
            +---------+---------+-------+---------+---------+-------
